 Dungeon Crawl Stone Soup version 0.23-a0-49-gd9f7a49668 (webtiles) character file.

34 Rrauwl the Ruffian (level 3, 0/29 HPs)
             Began as a Minotaur Transmuter on Aug 5, 2018.
             Succumbed to a kobold's poison
             ... on level 1 of the Dungeon.
             The game lasted 00:03:09 (889 turns).

Rrauwl the Ruffian (Minotaur Transmuter)             Turns: 889, Time: 00:03:10

Health: 0/29       AC:  1    Str: 14    XL:     3   Next: 14%
Magic:  4/4        EV: 12    Int: 11    God:
Gold:   8          SH:  0    Dex: 10    Spells: 4/5 levels left

rFire    . . .     SeeInvis .     - Unarmed
rCold    + . .     Gourm    .   (no shield)
rNeg     . . .     Faith    .   b - +0 robe
rPois    .         Spirit   .   (helmet restricted)
rElec    .         Reflect  .   (no cloak)
rCorr    .         Harm     .   (no gloves)
MR       .....                  (no boots)
Stlth    +.........             (no amulet)
HPRegen  0.09/turn              (no ring)
MPRegen  0.09/turn              (no ring)

@: lethally poisoned (0 -> -4)
A: retaliatory headbutt, horns 2, cold resistance 1, deformed body,
deterioration 1
a: no special abilities


You were on level 1 of the Dungeon.
You were not hungry.

You visited 1 branch of the dungeon, and saw 1 of its levels.

You collected 8 gold pieces.

Inventory:

Hand Weapons
 h - a +2 short sword of venom
Missiles
 a - 12 arrows
 e - 30 bolts
Armour
 b - a +0 robe (worn)
Scrolls
 f - 2 scrolls of identify
 g - a scroll of fog
Comestibles
 c - 7 chunks of flesh
 d - 2 rations


   Skills:
 + Level 2.0 Fighting
 + Level 2.6 Dodging
 + Level 3.6 Unarmed Combat
 + Level 1.6 Spellcasting
 + Level 1.9 Transmutations


You had 4 spell levels left.
You knew the following spells:

 Your Spells              Type           Power        Failure   Level  Hunger
a - Beastly Appendage     Tmut           #.....       14%         1    ##.....

Your spell library contained the following spells:

 Spells                   Type           Power        Failure   Level  Hunger
 Spider Form              Tmut/Pois      #.........   52%         3    ####...
 Blade Hands              Tmut           #.........   98%         5    ######.
 Ice Form                 Ice/Tmut       #.......     90%         4    #####..
 Sticks to Snakes         Tmut           #.......     21%         2    ###....


Dungeon Overview and Level Annotations

Branches:
Dungeon (1/15)

Altars:


Innate Abilities, Weirdness & Mutations

You reflexively headbutt those who attack you in melee.
You have a pair of horns on your head.
Your flesh is cold resistant. (rC+)
Armour fits poorly on your strangely shaped body.
Your body sometimes deteriorates upon taking damage.


Message History

* * * LOW HITPOINT WARNING * * *
You feel sick.
* * * LOW HITPOINT WARNING * * *
You feel sick.
* * * LOW HITPOINT WARNING * * *
You feel sick.
* * * LOW HITPOINT WARNING * * *
You feel sick.
* * * LOW HITPOINT WARNING * * *
You feel sick.
* * * LOW HITPOINT WARNING * * *
You feel sick.
You see here a stone.
You see here a stone.
* * * LOW HITPOINT WARNING * * *
You feel sick.
There is a lethal amount of poison in your body!
* * * LOW HITPOINT WARNING * * *
You feel sick.
You die...

.........................##......
.........................##......
.........................#####.##
..........)..##..........#####.#
...........#####.######......#.##
.................................
............)###.##..............
####.........###.##..........##..
#..........((..@......#####.##..
###############.#...............
#..................... # #####
####.#####..##.#####.#### # #...#
#....# #..##.#####..... # #...#
#....# #...............
###...###....#####.....##########
.................................
.............#####..##(##########


There were no monsters in sight!

Vanquished Creatures
  2 giant cockroaches (D:1)
  4 goblins (D:1)
  7 hobgoblins (D:1)
  4 jackals (D:1)
  5 kobolds (D:1)
  2 bats (D:1)
  A frilled lizard (D:1)
  3 rats (D:1)
28 creatures vanquished.

Notes
Turn   | Place    | Note
-------+----------+-------------------------------------------
     0 | D:1      | Rrauwl the Minotaur Transmuter began the quest for the Orb.
     0 | D:1      | Reached XP level 1. HP: 16/16 MP: 1/1
    70 | D:1      | Reached XP level 2. HP: 6/23 MP: 0/3
   739 | D:1      | Reached XP level 3. HP: 29/29 MP: 4/4
   758 | D:1      | Gained mutation: Armour fits poorly on your strangely shaped body. [potion of mutation]
   758 | D:1      | Gained mutation: Your body sometimes deteriorates upon taking damage. [potion of mutation]
   758 | D:1      | Gained mutation: Your flesh is cold resistant. (rC+) [potion of mutation]
   886 | D:1      | HP: 1/29 [poisoned by a kobold]
   889 | D:1      | Succumbed to a kobold's poison

Vault maps used:
D:1:      minmay_arrival_hallway, minmay_pentomino_q4

Skill      XL: |  1  2 |
---------------+-------+-----
Fighting       | 2 |  2.0
Dodging        | |  2.6
Unarmed Combat | |  3.6
Spellcasting   | |  1.6
Transmutations | |  1.9

Action                   || total
-------------------------++-------
Melee: Unarmed           ||    77
       Headbutt          ||     9
       Kick              ||     2
 Cast: Beastly Appendage ||     1
  Use: Scroll            ||     5
       Potion            ||     2
Armor: Robe              ||    11
Dodge: Dodged            ||    51

Table legend:
 A = Spawn XP
 B = Non-spawn XP
 C = Spawn XP percentage of total XP
 D = Spawn monster count
 E = Non-spawn monster count
 F = Spawn count percentage of total count
 G = Total turns spent on level
                    A         B        C        D         E        F      G
               +---------+---------+-------+---------+---------+-------+---------
         Total |       0 |      49 |   0.0 |       0 |      28 |   0.0 |   889
               +---------+---------+-------+---------+---------+-------+---------
           D:1 |       0 |      49 |   0.0 |       0 |      28 |   0.0 |   889
               +---------+---------+-------+---------+---------+-------+---------
